 Dungeon Crawl Stone Soup version 0.24-a0-244-ga6a6ab7 (console) character file.

Game seed: 16413763179338775650

452 PrimeMinisterCorbyn the Digger (level 6, -4/41 HPs)
             Began as a Demonspawn Earth Elementalist on Apr 11, 2019.
             Slain by a two-headed ogre
             ... wielding a +0 giant club
              (31 damage)
             ... on level 3 of the Dungeon.
             The game lasted 00:17:02 (6012 turns).

PrimeMinisterCorbyn the Digger (DsEE)               Turns: 6012, Time: 00:17:03

Health: -4/41      AC:  4    Str:  8    XL:     6   Next: 75%
Magic:  0/10       EV: 12    Int: 18    God:
Gold:   298        SH:  4    Dex: 14    Spells: 1/10 levels left

rFire    . . .     SeeInvis .     - Unarmed
rCold    . . .     Gourm    .   (no shield)
rNeg     . . .     Faith    .   c - +0 robe
rPois    .         Spirit   .   (helmet restricted)
rElec    .         Reflect  .   (no cloak)
rCorr    .         Harm     .   n - +0 pair of gloves
MR       .....                  s - +0 pair of boots
Stlth    ++........             (no amulet)
HPRegen  0.13/turn              (no ring)
MPRegen  0.12/turn              (no ring)

@: no status effects
A: antennae 1, hooves 2, large bone plates 1, deterioration 1, powered by death
2
a: no special abilities


You were on level 3 of the Dungeon.
You were not hungry.

You visited 1 branch of the dungeon, and saw 5 of its levels.

You collected 298 gold pieces.

Inventory:

Hand Weapons
 j - a cursed +0 mace
Armour
 c - a +0 robe (worn)
 f - a +0 ring mail
 n - a +0 pair of gloves (worn)
 q - a +0 pair of gloves
 s - a +0 pair of boots (worn)
Jewellery
 d - an uncursed ring of protection from magic {unknown}
Scrolls
 b - a scroll of amnesia {unknown}
 e - 2 scrolls of magic mapping {unknown}
 h - a scroll of fear {unknown}
 i - a scroll of enchant weapon {unknown}
 m - 2 scrolls of noise {unknown}
 o - a scroll of blinking {unknown}
 t - a scroll of fog {unknown}
Potions
 a - 2 potions of mutation
 g - a potion of curing
 l - a potion of lignification {unknown}
 r - a potion of flight {unknown}
 u - a potion of might {unknown}
Comestibles
 k - 2 chunks of flesh
 p - 4 rations


   Skills:
 - Level 1.7 Dodging
 - Level 1.7 Stealth
 + Level 2.0 Unarmed Combat
 + Level 2.9 Spellcasting
 * Level 3.3 Conjurations
   Level 0.8 Transmutations
 * Level 5.2 Earth Magic


You had one spell level left.
You knew the following spells:

 Your Spells              Type           Power        Failure   Level  Hunger
a - Sandblast             Erth           ###...       1%          1    None
b - Stone Arrow           Conj/Erth      ###...       9%          3    ###....
f - Lee's Rapid Deconstr  Erth           ###.......   47%         5    ######.

Your spell library contained the following spells:

 Spells                   Type           Power        Failure   Level  Hunger
 Passwall                 Tmut/Erth      ##......     7%          2    ##.....
 Petrify                  Tmut/Erth      ##......     43%         4    ####...


Dungeon Overview and Level Annotations

Branches:
Dungeon (5/15)
 Temple: D:4-7

Altars:


Innate Abilities, Weirdness & Mutations

You have a pair of small antennae on your head.
You are partially covered in large bone plates. (SH +4)
You regenerate health from kills.
You have hoof-like feet.
Your body sometimes deteriorates upon taking damage.


Message History

Your feet thicken and deform.
You feel yourself wasting away.
Your feet thicken and deform.
Unknown command.
Casting: Stone Arrow (safe; 9% risk of failure)
Confirm with . or Enter, or press ? or * to list all spells.
Aiming: Stone Arrow (safe; 9% risk of failure)
Press: ? - help, Shift-Dir - straight line, f/p - two-headed ogre
Aim: a two-headed ogre, wielding two +0 giant clubs (moderately wounded)
The stone arrow hits the two-headed ogre!
The two-headed ogre is heavily wounded.
The two-headed ogre barely misses you.
The two-headed ogre hits you with a +0 giant club.
You hit the two-headed ogre but do no damage.
The two-headed ogre is heavily wounded.
The two-headed ogre misses you.
The two-headed ogre hits you with a +0 giant club!
It was a potion of curing.
You feel better.
The two-headed ogre hits you with a +0 giant club!!
Ouch! That really hurt!
You die...

##.######### .## #.# .>.
#.# ..# # ##'## #.##.#
##...## .... ##.....##
#####.#### # ##.......##
##........#
####.........####...##.##.#
..)+.........'.O@....#.# ##
#.........####....#.# #
##.....>.## ##.#...#
##.....## #...### ##...##
#........# ##'## ##.#######
#.# #.# ######.### #.#
###........##### #.#


You could see a two-headed ogre.

Vanquished Creatures
  An ogre (D:4)
  A hound (D:4)
  An orc wizard (D:4)
  An orc priest (D:4)
  An iguana (D:4)
  Natasha (D:2)
  2 worker ants (D:4)
  9 adders
  An ooze (D:1)
  6 worms
  3 dart slugs
  2 leopard geckos
  5 orcs
  A ball python (D:2)
  4 giant cockroaches
  6 goblins
  6 hobgoblins
  4 jackals (D:1)
  7 bats
  2 frilled lizards
  6 kobolds
  A leopard gecko skeleton (D:4)
  2 rats
73 creatures vanquished.

Notes
Turn   | Place    | Note
-------+----------+-------------------------------------------
     0 | D:1      | PrimeMinisterCorbyn the Demonspawn Earth Elementalist began
                  | the quest for the Orb.
     0 | D:1      | Reached XP level 1. HP: 13/13 MP: 3/3
   123 | D:1      | Reached skill level 3 in Earth Magic
   164 | D:1      | Gained mutation: You regenerate a little health from kills.
                  | [demonic ancestry]
   164 | D:1      | Reached XP level 2. HP: 12/19 MP: 0/5
  1072 | D:1      | Gained mutation: You are partially covered in large bone
                  | plates. (SH +4) [demonic ancestry]
  1072 | D:1      | Reached XP level 3. HP: 24/24 MP: 3/6
  1131 | D:1      | Learned a level 3 spell: Stone Arrow
  1724 | D:2      | Reached skill level 4 in Earth Magic
  2141 | D:2      | Noticed Natasha
  2275 | D:2      | Reached skill level 1 in Conjurations
  2275 | D:2      | Gained mutation: You regenerate health from kills. [demonic
                  | ancestry]
  2275 | D:2      | Reached XP level 4. HP: 30/30 MP: 4/7
  2714 | D:2      | Killed Natasha
  2717 | D:2      | Reached skill level 1 in Unarmed Combat
  3173 | D:3      | Gained mutation: You have a pair of small antennae on your
                  | head. [demonic ancestry]
  3173 | D:3      | Reached XP level 5. HP: 34/35 MP: 1/8
  3598 | D:3      | Noticed a two-headed ogre
  4013 | D:4      | Noticed an ogre
  4108 | D:4      | Killed an ogre
  4108 | D:4      | Reached XP level 6. HP: 28/41 MP: 0/10
  4197 | D:4      | Learned a level 5 spell: Lee's Rapid Deconstruction
  4617 | D:3      | Found a faded altar of an unknown god.
  4696 | D:4      | Reached skill level 5 in Earth Magic
  5382 | D:5      | Entered Level 5 of the Dungeon
  5764 | D:5      | Noticed an orc warrior
  6006 | D:3      | Gained mutation: You have large cloven feet. [potion of
                  | mutation]
  6006 | D:3      | Gained mutation: Your body sometimes deteriorates upon
                  | taking damage. [potion of mutation]
  6006 | D:3      | Gained mutation: You have hoof-like feet. [potion of
                  | mutation]
  6012 | D:3      | Slain by a two-headed ogre

Levels and vault maps discovered:
D:1:      dpeg_arrival_pits, layout_rooms, kennysheep_nondescript,
          minmay_misc_feat_rugged, minmay_quantized
D:2:      layout_loops_ring, uniq_natasha
D:3:      layout_loops_corners, chequers_ecumenical_altar_simple_redux,
          first_ration, chequers_jeans
D:4:      layout_loops_ring
D:5:      layout_layer_cave, minmay_temple_entry_grid

Skill      XL: |  1  2  3  4  5  6 |
---------------+-------------------+-----
Earth Magic    | 3 4 5 |  5.2
Conjurations   | 1 2 3 |  3.3
Unarmed Combat | 1 2 |  2.0
Dodging        | |  1.7
Stealth        | |  1.7
Spellcasting   | |  2.9
Transmutations | |  0.8

Action                   |  1- 3 |  4- 6 || total
-------------------------+-------+-------++-------
Melee: Unarmed           |   111 |    80 ||   191
 Cast: Sandblast         |    41 |    16 ||    57
       Stone Arrow       |     8 |    65 ||    73
  Use: Potion            |       |     3 ||     3
  Eat: Chunk             |     3 |    19 ||    22
       Ration            |     1 |       ||     1
Armor: Robe              |    70 |    21 ||    91
Dodge: Dodged            |   112 |    85 ||   197
Block: Other             |    26 |    19 ||    45

Table legend:
 A = Non-vault XP
 B = Vault XP
 C = Vault XP percentage of total XP
 D = Non-vault monster count
 E = Vault monster count
 F = Vault count percentage of total count
                 A         B        C        D         E       F
            +---------+---------+-------+---------+---------+-------
      Total |     600 |      46 |   7.1 |      67 |       6 |   8.2
            +---------+---------+-------+---------+---------+-------
        D:1 |      40 |       9 |  18.4 |      18 |       4 |  18.2
        D:2 |      97 |      37 |  27.6 |      17 |       2 |  10.5
        D:3 |      45 |       0 |   0.0 |      14 |       0 |   0.0
        D:4 |     418 |       0 |   0.0 |      18 |       0 |   0.0
            +---------+---------+-------+---------+---------+-------
